AoeStats
← iAlejandrouae

Pilgrims

507220489Analyzed
4v4 RM · 16d ago on Sep 17, 2026· 40m 33s· 8 players
Game mode
Random Map
Map size
Large (8 player)
Population
200
Speed
Normal
Resources
Standard
Victory
Conquest
Starting age
Dark Age
Ending age
Imperial Age
RankedLock teamsTeams togetherTeam positionsShared explorationLock speedFull tech treeHidden civsTurbo modeCheats
Victory
Defeat
🇧🇴 Lithuanians · Bolivia
1627
+14
🇦🇷 Persians · Argentina
1571
+16
🇹🇼 Armenians · Taiwan
1539
+18
🇳🇿 Britons · New Zealand
1533
+18
🇨🇳 Vikings · China
1593
-17
🇨🇳 Khitans · China
1591
-17
🇨🇳 Spanish · China
1561
-16
🇮🇳 Koreans · India
1555
-16
麦辣鸡翅
4:40 Loom
13:44 Feudal Age
15:04 Fishing Lines
17:35 Castle Age
15:25 Double-Bit Axe
16:58 Forging
17:43 Scale Barding Armor
17:56 Light Cavalry
18:39 Gillnets
20:12 Iron Casting
21:18 Chain Barding Armor
21:11 Husbandry
37:08 Imperial Age
35:15 Wheelbarrow
37:23 Elite Steppe Lancer
39:57 Plate Barding Armor
kerwin
7:58 Loom
10:41 Feudal Age
11:28 Double-Bit Axe
13:46 Forging
15:23 Wheelbarrow
16:19 Fishing Lines
20:20 Castle Age
19:11 Gold Mining
21:14 Medium Warships
21:17 Bow Saw
22:37 Town Watch
26:16 Stone Mining
26:36 Gillnets
34:41 Imperial Age
33:33 Gold Shaft Mining
32:41 Horse Collar
33:27 Ballistics
33:40 Fortified Wall
34:49 Iron Casting
34:15 Scale Mail Armor
35:30 Hand Cart
34:42 Pikeman
37:52 Halberdier
香辣鸡翅
8:01 Loom
9:47 Feudal Age
13:54 Castle Age
11:43 Fishing Lines
12:38 Double-Bit Axe
12:51 Stone Mining
13:30 Horse Collar
27:41 Fletching
31:44 Gold Mining
36:32 Wheelbarrow
36:36 Bodkin Arrow
36:42 Padded Archer Armor
36:03 Elite Skirmisher
37:16 Thumb Ring
37:53 Ballistics
38:44 Leather Archer Armor
吮指原味鸡
9:35 Loom
12:08 Feudal Age
15:55 Castle Age
14:13 Double-Bit Axe
15:01 Fletching
15:03 Fishing Lines
16:31 Bodkin Arrow
30:15 Gillnets
37:17 Imperial Age
35:26 Ballistics
36:06 Horse Collar
36:14 Town Watch
36:35 Padded Archer Armor
36:46 Elite Skirmisher
37:20 Man-at-Arms
38:16 Bracer
39:52 Chemistry
39:34 Leather Archer Armor
iAlejandrouae
4:58 Loom
10:28 Feudal Age
11:16 Town Watch
13:00 Forging
16:14 Castle Age
15:41 Double-Bit Axe
16:50 Medium Warships
17:37 Wheelbarrow
17:16 Horse Collar
18:08 Bow Saw
18:40 Iron Casting
21:47 Hand Cart
23:30 Bloodlines
23:46 Careening
25:29 Husbandry
26:40 Scale Barding Armor
28:26 Coinage
32:58 Imperial Age
31:30 Gold Mining
32:39 Cavalier
33:40 Chain Barding Armor
35:26 Two-Man Saw
34:59 Conscription
34:38 Stone Mining
35:34 Banking
36:09 Plate Barding Armor
35:39 Heavy Plow
36:58 Crop Rotation
36:57 Savar
38:53 Blast Furnace
38:16 Fletching
38:46 Caravan
40:07 Bodkin Arrow
40:40 Ballistics
40:31 Masonry
Red-Leaf
3:01 Loom
11:02 Feudal Age
15:13 Fletching
18:24 Castle Age
16:18 Stone Mining
19:20 Medium Warships
19:09 Bodkin Arrow
20:55 Double-Bit Axe
26:34 Horse Collar
29:51 Ballistics
31:09 Wheelbarrow
35:32 Imperial Age
35:27 Hand Cart
35:14 Padded Archer Armor
36:13 Bracer
37:22 Chemistry
37:25 Conscription
40:06 Leather Archer Armor
[ECU] Pendeck's
4:27 Loom
11:43 Feudal Age
13:46 Fletching
22:06 Wheelbarrow
28:14 Castle Age
27:13 Double-Bit Axe
28:09 Horse Collar
32:59 Town Watch
33:51 Heavy Plow
36:59 Bow Saw
40:02 Hand Cart
40:39 Scale Barding Armor
40:30 Gold Mining
Sunny Day
3:34 Loom
11:05 Feudal Age
14:50 Castle Age
12:53 Double-Bit Axe
14:04 Fletching
16:27 Bodkin Arrow
18:29 Gold Mining
22:07 Wheelbarrow
21:18 Town Watch
24:15 Padded Archer Armor
26:51 Ballistics
27:13 Leather Archer Armor
32:22 Imperial Age
30:07 Pikeman
30:48 Squires
31:23 Scale Mail Armor
31:33 Forging
32:09 Halberdier
33:05 Chain Mail Armor
37:44 Bracer
37:29 Elite Composite Bowman
38:04 Man-at-Arms
38:30 Gambesons
38:30 Arson
Connection lost

Rejoining the realm…

Still unreachable

The connection could not be restored.

Session expired

The server has moved on; the page needs a fresh start.